 Dungeon Crawl Stone Soup version 0.22-a0-750-ga7dcef7 (webtiles) character file.

8 Amnesiac the Digger (level 2, 16/19 HPs)
             Began as a Demonspawn Earth Elementalist on July 16, 2018.
             Quit the game on level 1 of the Dungeon.
             The game lasted 00:00:39 (249 turns).

Amnesiac the Digger (Demonspawn Earth Elementalist)  Turns: 249, Time: 00:00:40

Health: 16/19      AC:  2    Str:  8    XL:     2   Next: 0%
Magic:  5/5        EV: 12    Int: 16    God:
Gold:   16         SH:  0    Dex: 13    Spells: 4/5 levels left

rFire    . . .     SeeInvis .   a - +2 dagger (elec)
rCold    . . .     Gourm    .   (no shield)
rNeg     . . .     Faith    .   c - +0 robe
rPois    .         Spirit   .   (no helmet)
rElec    .         Reflect  .   (no cloak)
rCorr    .         Harm     .   (no gloves)
MR       .....                  (no boots)
Stlth    ++........             (no amulet)
HPRegen  0.06/turn              (no ring)
MPRegen  0.09/turn              (no ring)

@: no status effects
A: hooves 1
a: no special abilities


You were on level 1 of the Dungeon.
You were not hungry.

You visited 1 branch of the dungeon, and saw 1 of its levels.

You collected 16 gold pieces.

Inventory:

Hand Weapons
 a - a +2 dagger of electrocution (weapon)
Missiles
 b - 23 stones (quivered)
Armour
 c - a +0 robe (worn)
 e - a +0 shield
Scrolls
 g - a scroll of identify {!r, unknown}
Potions
 f - a potion of mutation {!q, unknown}
 i - a potion of haste {!q, unknown}
Comestibles
 d - a ration
 j - 3 chunks of flesh


   Skills:
 + Level 0.0 Short Blades
 - Level 1.7 Dodging
 - Level 1.7 Stealth
 + Level 2.2 Spellcasting
   Level 0.8 Transmutations
 * Level 3.0 Earth Magic


You had 4 spell levels left.
You knew the following spells:

 Your Spells              Type           Power        Failure   Level  Hunger
a - Sandblast             Erth           ##....       6%          1    #......

Your spell library contained the following spells:

 Spells                   Type           Power        Failure   Level  Hunger
 Stone Arrow              Conj/Erth      #.....       32%         3    ###....
 Passwall                 Tmut/Erth      #.......     14%         2    ###....
 Lee's Rapid Deconstruct  Erth           ##........   85%         5    ######.
 Petrify                  Tmut/Erth      #.......     65%         4    #####..


Dungeon Overview and Level Annotations

Branches:
Dungeon (1/15)

Altars:


Innate Abilities, Weirdness & Mutations

You have large cloven feet.


Message History

Press: ? - help, Shift-Dir - straight line, f - goblin
Aim: a goblin, wielding a dagger of electrocution The blast of sand hits the goblin.
You kill the goblin!
b - 23 stones
Casting: Sandblast (safe; 6% risk of failure)
Confirm with . or Enter, or press ? or * to list all spells.
You can't see any susceptible monsters within range! (Use Z to cast anyway.)
You see here a robe.
You see here a dagger of electrocution.
j - a dagger of electrocution Wield which item (- for none, * to show all)? (? for menu, Esc to quit)
You hear the crackle of electricity.
j - a +2 dagger of electrocution (weapon)
Adjust (i)tems, (s)pells, or (a)bilities?
Drop what? 10/52 slots (_ for help) (? for menu, Esc to quit)
You drop a +0 dagger.
A bat comes into view.
A bat is nearby!
A bat is nearby!
Found an amethyst potion and 11 gold pieces.
You closely miss the bat. The bat barely misses you.
You closely miss the bat. The bat hits you but does no damage.
The bat hits you but does no damage.
You hit the bat but do no damage. The bat hits you but does no damage.
The bat closely misses you.
You closely miss the bat. The bat closely misses you.
The bat hits you but does no damage. The bat barely misses you.
The bat hits you but does no damage.
You hit the bat but do no damage. The bat hits you but does no damage.
You closely miss the bat. The bat hits you but does no damage.
You hit the bat.
The bat is severely wounded.
The bat misses you.
A frilled lizard comes into view.
The bat closely misses you.
The frilled lizard hisses angrily.
The bat barely misses you. The bat closely misses you.
Found 13 poisoned needles.
The bat closely misses you. The bat closely misses you.
You see here 13 poisoned needles.
The bat misses you. The bat hits you but does no damage.
You closely miss the bat.
The bat is moderately wounded.
The bat hits you. The bat hits you but does no damage.
You barely miss the bat.
The bat is moderately wounded.
The bat hits you. The frilled lizard barely misses you.
You see here 13 poisoned needles.
You hit the bat.
You kill the bat!
The frilled lizard bites you.
You barely miss the frilled lizard. The frilled lizard barely misses you.
You hit the frilled lizard.
You kill the frilled lizard!
You have reached level 2!
Your demonic ancestry asserts itself...
Your feet thicken and deform.
You start resting.
Some of the chunks of flesh in your inventory have rotted away.
HP restored.
Are you sure you want to abandon this character and quit the game? (Confirm with "yes".)

..# ### #.# #.. #.# #.#
#.# #.# #.# #.#
#$########@#
#######......!##.#
.................#
#############.......l.#
###########


There were no monsters in sight!

Vanquished Creatures
  4 goblins (D:1)
  A hobgoblin (D:1)
  A bat (D:1)
  A frilled lizard (D:1)
7 creatures vanquished.

Notes
Turn   | Place    | Note
-------+----------+-------------------------------------------
     0 | D:1      | Amnesiac the Demonspawn Earth Elementalist began the quest for the Orb.
     0 | D:1      | Reached XP level 1. HP: 13/13 MP: 3/3
   174 | D:1      | Reached skill level 3 in Earth Magic
   224 | D:1      | Gained mutation: You have large cloven feet. [demonic ancestry]
   224 | D:1      | Reached XP level 2. HP: 14/19 MP: 5/5
   249 | D:1      | Quit the game

Vault maps used:
D:1:      sevenhm_arrival_forest_fort_small_5, st_stairs_8

Skill      XL: |  1 |
---------------+----+-----
Earth Magic    | 3 |  3.0
Dodging        | |  1.7
Stealth        | |  1.7
Spellcasting   | |  2.2
Transmutations | |  0.8

Action                   || total
-------------------------++-------
Melee: Dagger            ||    13
 Cast: Sandblast         ||     7
 Stab: Sleeping          ||     1
Armor: Robe              ||     9
Dodge: Dodged            ||    13

Table legend:
 A = Spawn XP
 B = Non-spawn XP
 C = Spawn XP percentage of total XP
 D = Spawn monster count
 E = Non-spawn monster count
 F = Spawn count percentage of total count
 G = Total turns spent on level
                    A         B        C        D         E        F      G
               +---------+---------+-------+---------+---------+-------+---------
         Total |       0 |      12 |   0.0 |       0 |       7 |   0.0 |   249
               +---------+---------+-------+---------+---------+-------+---------
           D:1 |       0 |      12 |   0.0 |       0 |       7 |   0.0 |   249
               +---------+---------+-------+---------+---------+-------+---------
